AoeStats
← SeemsFishy

Black Forest

508011603Analyzed
4v4 RM · 11d ago on Sep 20, 2026· 21m 20s· 8 players
Game mode
Random Map
Map size
Large (8 player)
Population
200
Speed
Normal
Resources
Standard
Victory
Conquest
Starting age
Dark Age
Ending age
Imperial Age
RankedLock teamsTeams togetherTeam positionsShared explorationLock speedFull tech treeHidden civsTurbo modeCheats
Victory
Defeat
🇹🇼 Saracens · Taiwan
1391
+12
🇩🇪 Celts · Germany
1380
+13
🇲🇽 Britons · Mexico
1377
+12
🇬🇧 Khmer · United Kingdom
1351
+14
🇩🇪 Saracens · Germany
1445
-18
🇰🇷 Ethiopians · South Korea
1273
-12
🇨🇳 Turks · China
1271
-12
🇵🇰 Hindustanis · Pakistan
1204
-9
fengyiwui
0:56 Loom
12:05 Feudal Age
16:10 Castle Age
14:20 Double-Bit Axe
14:24 Horse Collar
19:22 Wheelbarrow
PAWA
5:36 Loom
9:55 Feudal Age
11:17 Double-Bit Axe
11:31 Fletching
11:31 Double-Bit Axe
20:46 Horse Collar
Haider_435
2:16 Loom
11:11 Feudal Age
11:58 Feudal Age
15:45 Castle Age
14:18 Double-Bit Axe
14:14 Horse Collar
Mehar
3:43 Loom
14:20 Feudal Age
20:05 Castle Age
18:31 Town Watch
19:28 Double-Bit Axe
19:26 Horse Collar
taj
12:20 Feudal Age
16:02 Castle Age
15:34 Double-Bit Axe
15:33 Horse Collar
Seifer
0:32 Loom
9:15 Feudal Age
12:45 Double-Bit Axe
13:55 Fletching
14:08 Horse Collar
19:36 Wheelbarrow
19:42 Gold Mining
Thronx
3:50 Loom
13:30 Feudal Age
17:52 Castle Age
17:56 Double-Bit Axe
18:57 Bow Saw
SeemsFishy
10:51 Feudal Age
14:34 Castle Age
12:43 Double-Bit Axe
12:46 Horse Collar
14:52 Bloodlines
14:54 Scale Barding Armor
15:11 Loom
21:45 Chain Barding Armor
Connection lost

Rejoining the realm…

Still unreachable

The connection could not be restored.

Session expired

The server has moved on; the page needs a fresh start.